 Dungeon Crawl Stone Soup version 0.30-a0-622-gddc90eaa04 (webtiles) character file.

Game seed: 13483580770664065994

3542 kae the Changer (level 9, -5/70 HPs)
             Began as a Demonspawn Transmuter on Jan 10, 2023.
             Was an Initiate of Ru.
             Killed from afar by a steam dragon (33 damage)
             ... with a ball of steam
             ... on level 7 of the Dungeon.
             The game lasted 00:07:17 (6819 turns).

kae the Changer (Demonspawn Transmuter)             Turns: 6819, Time: 00:07:18

Health: -5/70      AC: 12    Str: 12    XL:     9   Next: 82%
Magic:  17/17      EV: 10    Int: 16    God:    Ru [......]
Gold:   310        SH:  0    Dex: 15    Spells: 9/19 levels left

rFire   x . .      SeeInvis .      - Unarmed
rCold   + + +      Faith    .    (shield currently unavailable)
rNeg    . . .      Spirit   .    (body armour currently unavailable)
rPois   +          Reflect  .    (helmet currently unavailable)
rElec   .          Harm     .    (cloak currently unavailable)
rCorr   .          Rampage  .    (gloves unavailable)
Will    +....                    (boots currently unavailable)
Stlth   +                        (no amulet)
HPRegen 0.31/turn                t - ring of willpower
MPRegen 0.15/turn                O - +4 ring of protection

@: ice-form
A: freezing attack, amphibious, boosted hp, large, condensation shield, (demonic
touch 3)
a: End Transformation, Renounce Religion


You were on level 7 of the Dungeon.
You worshipped Ru.
Ru was noncommittal.
You were a creature of crystalline ice.
You visited 2 branches of the dungeon, and saw 8 of its levels.

You collected 310 gold pieces.


Innate Abilities, Weirdness & Mutations

You are a creature of crystalline ice.
You have a powerful freezing melee attack.
You are amphibious.
Your maximum health is increased.
Your armour is entirely melded.
You are incapable of wielding weapons or throwing items.
A meltable shield of frost defends you. (SH +0)
((Your touch may irresistibly damage your foes and sap their willpower.))


   Skills:
 - Level 1.0 Fighting
 - Level 1.7 Dodging
 + Level 6.0 Unarmed Combat
 + Level 5.7 Spellcasting
 * Level 7.9 Transmutations
 * Level 6.6 Ice Magic
 - Level 1.5 Poison Magic


You had 9 spell levels left.
You knew the following spells:

 Your Spells              Type           Power      Damage    Failure   Level
a - Beastly Appendage     Tmut           60%        N/A       1%          1
b - Wereblood             Tmut           30%        N/A       1%          2
c - Spider Form           Tmut/Pois      19%        N/A       6%          3
d - Ice Form              Ice/Tmut       28%        N/A       7%          4

Your spell library contained the following spells:

 Spells                   Type           Power      Damage    Failure   Level
 Slow                     Hex            16%        N/A       14%         1
 Confusing Touch          Hex            4%         N/A       38%         3
 Stone Arrow              Conj/Erth      8%         3d7       38%         3
 Vampiric Draining        Necr           4%         2d6       38%         3
 Animate Armour           Summ/Erth      8%         N/A       80%         4
 Animate Dead             Necr           4%         N/A       80%         4
 Borgnjor's Vile Clutch   Necr/Erth      2%         N/A       98%         5
 Death Channel            Necr           2%         N/A       100%        6
 Lehudib's Crystal Spear  Conj/Erth      2%         10d2      100%        8

Inventory:

Missiles
 c - 107 stones
 d - 17 poisoned darts
 o - 6 curare-tipped darts {=f}
 s - 4 javelins
 B - 8 atropa-tipped darts
Armour
 a - a +0 robe (melded)
 i - a +1 cloak (melded)
   (You found it on level 1 of the Dungeon)
Magical Staves
 p - a staff of cold {!a}
   (You found it on level 2 of the Dungeon)
 A - a staff of poison {!a}
   (You found it on level 5 of the Dungeon)
 D - a staff of conjuration {!a}
   (You found it on level 5 of the Dungeon)
Jewellery
 e - a +5 ring of evasion
   (You found it on level 5 of the Dungeon)
 t - a ring of willpower (left front paw)
   (You found it on level 3 of the Dungeon)
 E - the Hermit's Pendant {Faith Invo=14 Evo=0 MP+5}
   (You found it on level 6 of the Dungeon)

   [amulet of faith]

   It sets your invocations skill to 14 and your evocations skill to 0.
   It allows you to gain divine favour quickly.
   MP:        It affects your magic capacity (+5).
 O - a +4 ring of protection (right front paw)
   (You found it on level 4 of the Dungeon)
Wands
 k - a wand of flame (15)
   (You took it off Ijyb on level 4 of the Dungeon)
 y - a wand of quicksilver (11)
   (You found it on level 4 of the Dungeon)
 F - a wand of digging (7)
   (You found it on level 7 of the Dungeon)
 G - a wand of iceblast (11)
   (You found it on level 7 of the Dungeon)
Scrolls
 h - 2 scrolls of magic mapping {!r}
 u - 4 scrolls of enchant armour
 v - 2 scrolls of immolation {!r!r}
 x - 3 scrolls of teleportation {@r4}
 C - 3 scrolls of poison {unknown}
Potions
 b - 2 potions of lignification {!q}
 f - 4 potions of might {unknown}
 g - 2 potions of mutation {!q}
 j - a potion of haste {unknown}
 l - a potion of flight
 m - 3 potions of brilliance {unknown}
 n - 2 potions of curing {@q1}
 q - a potion of degeneration {unknown}
 r - a potion of magic
 w - 2 potions of resistance {unknown}
 z - a potion of attraction {unknown}

Dungeon Overview and Level Annotations

Branches:
Dungeon (7/15) Zot: 26308  Temple (1/1) D:6 Zot: 5784

Altars:
Ashenzari
Cheibriados
Dithmenos
Fedhas
Gozag
Hepliaklqana
Kikubaaqudgha
Nemelex Xobeh
Okawaru
Ru
Trog
Uskayaw
Vehumet
Wu Jian
Xom
Yredelemnul

##......# ........######
............... #.#
........####### #.# ##......#
#.# ......### ##.#
##....####################.##>#
#####.........ยง##....<.....##)#
# ##########ยงยงYยงD.>..######)#
####.#..#..### #.#
#....###...###.###
#..#..#..#.......<
#..##...######.... #..###.##
####. #..# #.# #. .# #..# #.# #.
.# #..# # # #.


You could see a steam dragon (catching breath).


Message History

Unknown command.
d - 17 poisoned darts (gained 3) Unknown command.
A water moccasin comes into view.
Unknown command.
A water moccasin is nearby!
A water moccasin is nearby!
A water moccasin is nearby!
Casting: Ice Form (dangerous; 8% risk of failure)
Confirm with . or Enter, or press ? or * to list all spells.
You extend your transformation's duration.
You block the water moccasin's attack. ๐Ÿ˜Ž MP[-4]
You lost 4 mp, and now have 13/17 mp.
You closely miss the water moccasin. The water moccasin bites you.
You punch the water moccasin! You freeze the water moccasin.
The water moccasin bites you! ๐Ÿ˜• HP[-13]
You take 13 damage, and now have 57/70 hp.
You closely miss the water moccasin.
The water moccasin bites you but does no damage.
You hit the water moccasin.
The water moccasin seems to slow down.
You freeze the water moccasin.
The water moccasin bites you but does no damage.
A water moccasin is nearby! ๐Ÿ˜• HP[+1]
A water moccasin is nearby!
You barely miss the water moccasin. The water moccasin closely misses you.
You punch the water moccasin!
The water moccasin seems to slow down.
You freeze the water moccasin.
You kill the water moccasin!
Your Unarmed Combat skill increases to level 6! ๐Ÿ˜• MP[+1] Key pressed, stopping explore.
Unknown command. ๐Ÿ˜• HP[+3] MP[+1]
You regained 3 hp, and now have 61/70 hp.
Key pressed, stopping explore.
No target in view!
No target in view! ๐Ÿ˜• HP[+6] MP[+2]
You regained 6 hp, and now have 67/70 hp.
Your mp is fully restored (17).
u - 4 scrolls of enchant armour (gained 1)
Your transformation is almost over.
Found a stone staircase leading up. ๐Ÿ˜Ž HP[+3]
Your hp is fully restored (70).
You warm up again.
Your +1 cloak unmelds from your body.
Your +0 robe unmelds from your body.
An ogre comes into view.
It is wielding a +0 giant club. ๐Ÿ˜Ž HP[-11]
You now have 59 max hp (-11).
Unknown command.
An ogre is nearby!
An ogre is nearby!
Unknown command.
An ogre is nearby!
The ogre shouts!
Casting: Ice Form (dangerous; 7% risk of failure)
Confirm with . or Enter, or press ? or * to list all spells.
You turn into a creature of crystalline ice.
Your +1 cloak melds into your body.
Your +0 robe melds into your body. ๐Ÿ˜Ž HP[+11] MP[-4]
You now have 70 max hp (+11).
Your hp is fully restored (70).
You lost 4 mp, and now have 13/17 mp.
You hit the ogre. You freeze the ogre. The ogre closely misses you.
You hit the ogre. You freeze the ogre. You punch the ogre! You freeze the ogre.
You block the ogre's attack.
You punch the ogre! You freeze the ogre.
You kill the ogre! ๐Ÿ˜Ž MP[+1]
There is a stone staircase leading up here.
w - 2 gluggy blue potions (gained 1) Key pressed, stopping explore.
No target in view!
No target in view! ๐Ÿ˜Ž MP[+3]
Your mp is fully restored (17).
You now have 310 gold pieces (gained 13).
n - 2 potions of curing {@q1} (gained 1)
Found an escape hatch in the floor.
Unknown command.
A steam dragon comes into view.
The steam dragon hisses angrily.
A steam dragon is nearby!
A steam dragon is nearby!
A steam dragon is nearby!
The steam dragon breathes steam at you. The ball of steam hits you!!
Your condensation shield dissipates!
The steam scalds you terribly! ๐Ÿ˜ฎ HP[-30]
You take 30 damage, and now have 40/70 hp.
MASSIVE DAMAGE!! (PAUSE)
You are engulfed in a cloud of scalding steam.
* * * LOW HITPOINT WARNING * * *
The steam dragon breathes steam at you. The ball of steam hits you!!
The steam scalds you terribly!
You die...

Skill      XL: |  1  2  3  4  5  6  7  8  9 |
---------------+----------------------------+-----
Transmutations | 2 3 4 5 6 7 |  7.9
Unarmed Combat | 3 4 5 6 |  6.0
Poison Magic   | 1 |  1.5
Spellcasting   | 3 4 5 |  5.7
Ice Magic      | 2 3 5 6 |  6.6
Fighting       | |  1.0
Dodging        | |  1.7

Action                   |  1- 3 |  4- 6 |  7- 9 || total
-------------------------+-------+-------+-------++-------
Melee: Unarmed           |   107 |    96 |   235 ||   438
       Kick              |    16 |       |     1 ||    17
       Headbutt          |     7 |     1 |       ||     8
       Touch             |    14 |     4 |     3 ||    21
 Cast: Beastly Appendage |    25 |     1 |     1 ||    27
       Spider Form       |     1 |     9 |     6 ||    16
       Wereblood         |       |     3 |     4 ||     7
       Ice Form          |       |     3 |    20 ||    23
Evoke: Wand              |       |       |     4 ||     4
  Use: Scroll            |     4 |     9 |     1 ||    14
       Potion            |       |       |     2 ||     2
 Stab: Sleeping          |     1 |     1 |       ||     2
Armor: Robe              |    16 |     4 |     7 ||    27
       Skin              |     1 |    16 |   112 ||   129
Dodge: Dodged            |    70 |    70 |   188 ||   328
Block: Other             |     7 |    22 |    60 ||    89

Levels and vault maps discovered:
D:1:      evilmike_arrival_rings, layout_loops_ring, hex_medium,
          minmay_lizard_king
D:2:      layout_basic, nrook_mini_vaults
D:3:      layout_basic, ebering_ecumenical_altar_box, minivault_26
D:4:      layout_rooms, amcnicky_altar_gilded, uniq_ijyb
D:5:      kennysheep_spiral_hall, layout_basic, uniq_blork_the_orc
D:6:      minmay_spotlight, layout_cave_pools, minmay_temple_entry_steel_oval,
          hellmonk_guarded_unrand_hermit
D:7:      layout_loops_ring, nicolae_yredelemnul_corpse_copse
Temple:   compressed_dpeg_triangle_lava_temple

Notes
Turn   | Place    | Note
-------+----------+-------------------------------------------
     0 | D:1      | kae the Demonspawn Transmuter began the quest for the Orb.
     0 | D:1      | Reached XP level 1. HP: 15/15 MP: 3/3
     0 | D:1      | magus.rc [v1.11.3]
   108 | D:1      | Reached skill level 2 in Transmutations
   203 | D:1      | Gained mutation: Your touch may inflict minor irresistible
                  | damage on your foes. [demonic ancestry]
   203 | D:1      | Reached XP level 2. HP: 18/21 MP: 3/5
   529 | D:1      | Reached skill level 3 in Unarmed Combat
   691 | D:1      | Gained mutation: A meltable shield of frost defends you.
                  | (SH +0) [demonic ancestry]
   691 | D:1      | Reached XP level 3. HP: 24/26 MP: 6/6
   694 | D:1      | Learned a level 2 spell: Wereblood
   698 | D:1      | Learned a level 3 spell: Spider Form
  1251 | D:2      | Reached skill level 1 in Poison Magic
  1747 | D:3      | Found a faded altar of an unknown god.
  1973 | D:3      | Reached XP level 4. HP: 29/32 MP: 5/7
  2312 | D:4      | Noticed Ijyb
  2323 | D:3      | Reached skill level 3 in Transmutations
  2410 | D:4      | Killed Ijyb
  2480 | D:4      | Gained mutation: Your touch may inflict irresistible damage
                  | on your foes. [demonic ancestry]
  2480 | D:4      | Reached XP level 5. HP: 37/37 MP: 4/9
  2515 | D:4      | Reached skill level 3 in Spellcasting
  2552 | D:4      | Reached skill level 4 in Transmutations
  2558 | D:4      | Learned a level 4 spell: Ice Form
  2720 | D:4      | You pick up a book of Debilitation and begin reading...
  2720 | D:4      | You add the spells Slow, Vampiric Draining and Confusing
                  | Touch to your library.
  2744 | D:4      | You pick up a book of Armaments and begin reading...
  2744 | D:4      | You add the spells Stone Arrow, Animate Armour and
                  | Lehudib's Crystal Spear to your library.
  2809 | D:4      | Found a broken altar of Ashenzari.
  3027 | D:4      | You pick up a book of Unlife and begin reading...
  3027 | D:4      | You add the spells Animate Dead, Borgnjor's Vile Clutch and
                  | Death Channel to your library.
  3081 | D:5      | Entered Level 5 of the Dungeon
  3142 | D:5      | Reached XP level 6. HP: 27/43 MP: 4/10
  3163 | D:5      | Noticed Blork the orc
  3227 | D:5      | Killed Blork the orc
  3228 | D:5      | Reached skill level 1 in Ice Magic
  3317 | D:5      | Identified the +1 ring mail "Qal Ybell" {rElec rF+ rN+}
  3589 | D:5      | Reached skill level 4 in Unarmed Combat
  3589 | D:5      | Reached skill level 2 in Ice Magic
  3589 | D:5      | Gained mutation: Your touch may irresistibly damage your
                  | foes and sap their willpower. [demonic ancestry]
  3589 | D:5      | Reached XP level 7. HP: 48/48 MP: 5/12
  3739 | D:5      | Reached skill level 5 in Transmutations
  4344 | D:6      | Noticed a steam dragon
  4349 | D:5      | Reached skill level 3 in Ice Magic
  4480 | D:6      | Reached skill level 4 in Spellcasting
  4506 | D:6      | Reached XP level 8. HP: 54/54 MP: 4/14
  4641 | D:6      | Reached skill level 4 in Ice Magic
  4680 | D:6      | Reached skill level 6 in Transmutations
  4681 | D:6      | HP: 15/64 [something (11)]
  4682 | D:6      | HP: 4/64 [something (11)]
  4958 | D:6      | Reached skill level 5 in Unarmed Combat
  4974 | D:6      | HP: 15/64 [gnoll/+2 flail of holy wrath[a gnoll bouda] (6)]
  4982 | D:6      | HP: 14/64 [poisoned by a water moccasin]
  4983 | D:6      | HP: 6/64 [poisoned by a water moccasin]
  4993 | D:5      | Reached skill level 5 in Ice Magic
  5130 | D:6      | Found a staircase to the Ecumenical Temple.
  5165 | Temple   | Entered the Ecumenical Temple
  5309 | Temple   | Became a worshipper of Ru the Awakened
  5541 | D:6      | Reached XP level 9. HP: 50/59 MP: 4/16
  5690 | D:6      | Found a faded altar of an unknown god.
  5690 | D:6      | Noticed a two-headed ogre
  5690 | D:6      | Found the Hermit's Pendant {Faith Invo=14 Evo=0 MP+5}
  5702 | D:6      | HP: 5/70 [two-headed ogre/+0 giant spiked club (19)]
  5704 | D:6      | Killed a two-headed ogre
  5705 | D:6      | Reached skill level 5 in Spellcasting
  5705 | D:6      | Reached skill level 7 in Transmutations
  6130 | D:7      | Reached skill level 6 in Ice Magic
  6487 | D:7      | Found a basalt altar of Yredelemnul.
  6674 | D:7      | Reached skill level 6 in Unarmed Combat
  6819 | D:7      | Killed from afar by a steam dragon

Vanquished Creatures
  A two-headed ogre (D:6)
  A steam dragon (D:6)
  3 water moccasins
  An orc warrior (D:6)
  2 ice beasts
  7 ogres
  A phantom (D:5)
  4 centaurs
  Blork the orc (D:5)
  A bullfrog (D:6)
  A necrophage (D:6)
  2 scorpions
  3 killer bees (D:7)
  A howler monkey (D:6)
  4 centaur zombies (D:7)
  2 gnoll boudas
  2 hounds
  2 jellies
  2 orc priests (D:4)
  2 iguanas (D:6)
  Ijyb (D:4)
  2 orc wizards (D:4)
  2 killer bee zombies (D:7)
  A howler monkey zombie (D:7)
  12 gnolls
  7 adders
  A white imp (D:6)
  2 ufetubi
  2 dart slugs
  20 orcs
  2 endoplasms
  2 giant cockroaches
  6 goblins
  5 hobgoblins
  7 jackals
  2 kobolds
  6 quokkas
  3 ball pythons
  3 bats (D:1)
  9 frilled lizards (D:1)
  3 rats
141 creatures vanquished.

Table legend:
 A = Non-vault XP
 B = Vault XP
 C = Vault XP percentage of total XP
 D = Non-vault monster count
 E = Vault monster count
 F = Vault count percentage of total count
                 A         B        C        D         E       F
            +---------+---------+-------+---------+---------+-------
      Total |    3286 |    1774 |  35.1 |     115 |      26 |  18.4
            +---------+---------+-------+---------+---------+-------
        D:1 |      39 |       7 |  15.2 |      22 |       7 |  24.1
        D:2 |      48 |       0 |   0.0 |      13 |       0 |   0.0
        D:3 |       9 |       0 |   0.0 |       5 |       0 |   0.0
        D:4 |     202 |      35 |  14.8 |      17 |       1 |   5.6
        D:5 |     670 |     289 |  30.1 |      15 |       6 |  28.6
        D:6 |    1361 |    1195 |  46.8 |      29 |       5 |  14.7
        D:7 |     957 |     248 |  20.6 |      14 |       7 |  33.3
            +---------+---------+-------+---------+---------+-------

Illustrated notes

Table legend:
 A = Kills in this place as a percentage of kills in entire the game.
 B = Kills by you in this place as a percentage of kills by you in the entire game.
 C = Kills by friends in this place as a percentage of kills by friends in the entire game.
 D = Other kills in this place as a percentage of other kills in the entire game.
 E = Experience gained in this place as a percentage of experience gained in the entire game.
 F = Experience gained in this place divided by the number of levels of this place that you have seen.
                   A       B       C       D       E      F
               +-------+-------+-------+-------+-------+----------------------
         Total | 100.0 | 100.0 |   N/A |   N/A | 100.0 | 632.5
       Dungeon | 100.0 | 100.0 |   N/A |   N/A | 100.0 | 722.9
               +-------+-------+-------+-------+-------+----------------------

Table legend: (Time is in decaauts)
 A = Elapsed time spent in this place.
 B = Non-inter-level travel time spent in this place.
 C = Inter-level travel time spent in this place.
 D = Time resting spent in this place.
 E = Time spent auto-exploring this place.
 F = Levels seen in this place.
 G = Mean time per level.
                   A        B        C        D        E       F      G
               +--------+--------+--------+--------+--------+-----+--------+
         Total |   6785 |   6563 |    222 |    363 |   4975 |   8 |  848.1 |
       Dungeon |   6569 |   6347 |    222 |    305 |   4870 |   7 |  938.4 |
        Temple |    215 |    215 |      0 |     58 |    105 |   1 |  215.0 |
               +--------+--------+--------+--------+--------+-----+--------+

Top non-repeatable levels by time:
     D:5: 1377 daAuts
     D:6: 1319 daAuts
     D:1: 930 daAuts
     D:4: 821 daAuts
     D:3: 758 daAuts
     D:7: 690 daAuts
     D:2: 672 daAuts
  Temple: 215 daAuts
